 Dungeon Crawl Stone Soup version 0.26.0-18-gc5c842f807 (webtiles) character file.

Game seed: 6122982913010634764

182 thiole the Sneak (level 5, 0/31 HPs)
             Began as an Octopode Hedge Wizard on Jan 22, 2021.
             Succumbed to an adder's poison
             ... on level 3 of the Dungeon.
             The game lasted 00:07:07 (2632 turns).

thiole the Sneak (Octopode Hedge Wizard)            Turns: 2632, Time: 00:07:07

Health: 0/31       AC:  1    Str:  9    XL:     5   Next: 62%
Magic:  7/11       EV: 13    Int: 17    God:
Gold:   168        SH:  0    Dex: 12    Spells: 6/12 levels left

rFire    . . .     SeeInvis .   a - +0 dagger
rCold    . . .     Faith    .   (no shield)
rNeg     . . .     Spirit   .   b - +0 hat
rPois    .         Reflect  .   (no amulet)
rElec    .         Harm     .   (no ring)
rCorr    .         Rampage  .   (no ring)
Will     .....                  (no ring)
Stlth    ++++......             (no ring)
HPRegen  0.10/turn              (no ring)
MPRegen  0.12/turn              (no ring)
                                (no ring)
                                (no ring)

@: lethally poisoned (0 -> -6), berserk cooldown
A: almost no armour, stealthy swim, amphibious, 8 rings, constrict 8, camouflage
1, gelatinous body 1
a: no special abilities


You were on level 3 of the Dungeon.
You visited 1 branch of the dungeon, and saw 5 of its levels.

You collected 168 gold pieces.

Inventory:

Hand Weapons
 a - a +0 dagger (weapon)
 g - a +0 spear of freezing
Armour
 b - a +0 hat (worn)
Jewellery
 f - an uncursed ring of positive energy {unknown}
 l - an uncursed amulet of magic regeneration
Scrolls
 d - a scroll of remove curse {unknown}
 e - a scroll of noise {unknown}
 i - 2 scrolls of enchant armour {unknown}
 j - 5 scrolls of identify {unknown}
 k - a scroll of amnesia {unknown}
 n - a scroll of teleportation {unknown}
Potions
 o - a potion of haste


   Skills:
 - Level 2.0 Dodging
 + Level 5.4 Stealth
 + Level 4.1 Spellcasting
 - Level 2.0 Conjurations
 - Level 2.0 Summonings
 - Level 1.0 Translocations


You had 6 spell levels left.
You knew the following spells:

 Your Spells              Type           Power        Failure   Level
a - Magic Dart            Conj           40%          7%          1
b - Call Imp              Summ           10%          11%         2
c - Mephitic Cloud        Conj/Pois/Air  5%           34%         3

Your spell library contained the following spells:

 Spells                   Type           Power        Failure   Level
 Blink                    Tloc           N/A          16%         2
 Slow                     Hex            3%           24%         2
 Conjure Flame            Conj/Fire      6%           30%         3


Dungeon Overview and Level Annotations

Branches:
Dungeon (5/15)
 Temple: D:4-7

Altars:

Shops:
D:4 (

Portals:
Sewer: D:3

Annotations:
D:4 1 runed translucent door, thiole's ghost, amateur OpWz


Innate Abilities, Weirdness & Mutations

You cannot wear most types of armour.
You are very stealthy in the water. (Stealth+)
You are amphibious.
You can wear up to eight rings at the same time.
You can use your tentacles to constrict eight enemies at once.
Your skin changes colour to match your surroundings (Stealth+).
Your rubbery body absorbs attacks. (AC +1, EV +1)


Message History

You feel a strong urge to attack something.
You are no longer berserk.
You are exhausted.
You feel yourself slow down.
It was a potion of lignification.
You turn into a tree.
Your +0 hat melds into your body.
Your roots penetrate the ground.
* * * LOW HITPOINT WARNING * * *
You feel sick.
It was a potion of cancellation.
Your magical effects are unravelling.
You feel magically purged.
You feel less wooden.
Your +0 hat unmelds from your body.
You feel yourself speed up.
You feel yourself slow down.
* * * LOW HITPOINT WARNING * * *
You feel sick.
* * * LOW HITPOINT WARNING * * *
You feel sick.
You see here a ball python corpse.
You die...

########
#@≈≈≈≈.#
#≈≈≈≈≈.#
#†≈≈≈..#
#≈≈..[.#
#≈.....#
##.###.#
#)†...#
#####.#
#.#


There were no monsters in sight!

Vanquished Creatures
  A bullfrog skeleton (D:4)
  An orc wizard (D:3)
  An iguana (D:4)
  5 adders
  A river rat (D:3)
  An adder skeleton (D:4)
  A worm (D:2)
  A leopard gecko (D:2)
  2 orcs (D:4)
  3 giant cockroaches
  5 hobgoblins
  3 kobolds (D:3)
  2 quokkas
  4 ball pythons
  A frilled lizard (D:1)
  2 goblins
  A leopard gecko skeleton (D:4)
  5 rats
40 creatures vanquished.

Vanquished Creatures (collateral kills)
  An iguana (D:4)
  A hobgoblin (D:3)
  A rat (D:3)
3 creatures vanquished.

Grand Total: 43 creatures vanquished

Notes
Turn   | Place    | Note
-------+----------+-------------------------------------------
     0 | D:1      | thiole the Octopode Hedge Wizard began the quest for the
                  | Orb.
     0 | D:1      | Reached XP level 1. HP: 11/11 MP: 4/4
   686 | D:2      | Reached XP level 2. HP: 17/17 MP: 1/6
   824 | D:2      | Reached skill level 3 in Stealth
   931 | D:2      | Reached XP level 3. HP: 17/21 MP: 3/7
   934 | D:2      | Learned a level 2 spell: Call Imp
   938 | D:2      | Learned a level 3 spell: Mephitic Cloud
   982 | D:2      | You fall into a shaft and drop 2 floors!
   982 | D:4      | Found Webituel's Antique Weapon Boutique.
  1204 | D:4      | Found a runed translucent door.
  1215 | D:4      | Noticed thiole's ghost (amateur OpWz)
  1225 | D:4      | Noticed a phantom
  1271 | D:4      | HP: 1/21 [iguana (3)]
  1274 | D:4      | Reached skill level 4 in Stealth
  1274 | D:4      | Reached XP level 4. HP: 1/27 MP: 1/9
  1734 | D:5      | Entered Level 5 of the Dungeon
  1734 | D:5      | Noticed a necrophage
  2404 | D:3      | Reached XP level 5. HP: 31/31 MP: 4/10
  2498 | D:3      | Reached skill level 5 in Stealth
  2568 | D:3      | Found a glowing drain.
  2630 | D:3      | HP: 1/31 [poisoned by an adder]
  2632 | D:3      | Succumbed to an adder's poison

Illustrated notes

Levels and vault maps discovered:
D:1:      scummos_arrival_forest, layout_loops_ring
D:2:      layout_loops_ring, minmay_fractal_squares_gapless_5
D:3:      layout_loops_cross, minmay_overflow_temple_hex, portal_sewer_entry_b
D:4:      layout_basic, tso_altar, ebering_ghost_sewer_d, serial_shops, shop
D:5:      layout_basic, serial_shops, shop, uniq_crazy_yiuf_cottage

Skill      XL: |  1  2  3  4  5 |
---------------+----------------+-----
Stealth        | 3 4 5 |  5.4
Conjurations   | 2 |  2.0
Summonings     | 2 |  2.0
Spellcasting   | 4 |  4.1
Dodging        | |  2.0
Translocations | |  1.0

Action                   |  1- 3 |  4- 6 || total
-------------------------+-------+-------++-------
Melee: Dagger            |    24 |    46 ||    70
       Constrict         |     8 |    11 ||    19
       Tentacles         |     6 |    10 ||    16
 Cast: Magic Dart        |    31 |    34 ||    65
       Call Imp          |     5 |    12 ||    17
  Use: Potion            |       |     4 ||     4
 Stab: Distracted        |       |     2 ||     2
       Sleeping          |       |     2 ||     2
Armor: Skin              |       |     6 ||     6
Dodge: Dodged            |     7 |    28 ||    35
